 Dungeon Crawl Stone Soup version 0.29-a0-284-gf9362112df (webtiles) character file.

Game seed: 16485890056203076472

196 spaghetti the Covert (level 5, 0/36 HPs)
             Began as an Octopode Delver on Mar 28, 2022.
             Slain by an orc wizard
             ... wielding a +0 dagger
              (3 damage)
             ... on level 3 of the Dungeon.
             The game lasted 00:03:58 (2841 turns).

spaghetti the Covert (Octopode Delver)              Turns: 2841, Time: 00:03:58

Health: 0/36       AC:  1    Str: 10 (12) XL:     5   Next: 74%
Magic:  5/5        EV: 13    Int: 12 (14) God:
Gold:   196        SH:  0    Dex: 10 (13) Spells: 4/4 levels left

rFire   . . .      SeeInvis .   a - +0 short sword {short}
rCold   . . .      Faith    .   (no shield)
rNeg    . . .      Spirit   .   (helmet restricted)
rPois   .          Reflect  .   (no amulet)
rElec   .          Harm     .   (no ring)
rCorr   .          Rampage  .   (no ring)
Will    .....                   (no ring)
Stlth   +++++.....              (no ring)
HPRegen 0.12/turn               (no ring)
MPRegen 0.09/turn               (no ring)
                                (no ring)
                                (no ring)

@: about to teleport
A: almost no armour, amphibious, 8 rings, camouflage 1, gelatinous body 1,
(nimble swimmer 1), tentacles
a: no special abilities


You were on level 3 of the Dungeon.
You visited 1 branch of the dungeon, and saw 5 of its levels.

You collected 196 gold pieces.


Innate Abilities, Weirdness & Mutations

You cannot wear most types of armour.
You are amphibious.
You can wear up to eight rings at the same time.
Your skin changes colour to match your surroundings (Stealth+).
Your rubbery body absorbs attacks. (AC +1, EV +1)
((You are camouflaged when in or above water. (Stealth+)))
You have tentacles for arms and can constrict up to eight enemies at once.


   Skills:
 - Level 3.0 Fighting
 - Level 2.0 Short Blades
 - Level 2.0 Dodging
 + Level 10.3 Stealth


You had 4 spell levels left.
You didn't know any spells.
Your spell library contained the following spells:

 Spells                   Type           Power      Damage    Failure   Level
 Magic Dart               Conj           0%         1d3       32%         1
 Sandblast                Erth           0%         2d4       32%         1
 Shock                    Conj/Air       0%         1d3       32%         1
 Call Imp                 Summ           0%         N/A       45%         2
 Passwall                 Tmut/Erth      0%         N/A       45%         2
 Mephitic Cloud           Conj/Pois/Air  0%         N/A       69%         3
 Stone Arrow              Conj/Erth      0%         3d7       69%         3
 Swiftness                Air            0%         N/A       69%         3
 Airstrike                Air            0%         N/A       97%         4

Inventory:

Hand Weapons
 a - a +0 short sword (weapon) {short}
Missiles
 j - 44 stones (quivered) {throwing}
Jewellery
 k - an amulet of faith {!P}
   (You found it on level 4 of the Dungeon)
 p - a ring of see invisible
   (You found it on level 1 of the Dungeon)
Wands
 f - a wand of digging (3)
Scrolls
 b - a scroll of fog
 c - a scroll of magic mapping {!r}
 h - 3 scrolls of identify {@r1}
 l - 2 scrolls of teleportation {@r4}
 n - a scroll of blinking {unknown}
Potions
 e - 3 potions of haste {@q3}
 g - a potion of degeneration {!q@e2}

Dungeon Overview and Level Annotations

Branches:
Dungeon (5/15)
 Temple: D:4-7

Altars:
Uskayaw

Shops:
D:1

( #........# #....#.#.
#........# #...#.♣.#
#........# #....#.#.
#........# ......###.
#........# ...........
#........# ...########
#).......# #+#######
#.^@{...# #######.#
#.##.# ##########.##.#
#..o.......##.#
#.#######..##.#########
#.# #..##.#......). #.#
#..##.#.####### #.#
#..##.#.#


There were no monsters in sight!


Message History

Something hits you.
You miss something. Something hits you.
The orc throws a boomerang.
The boomerang barely misses you.
You are too injured to fight recklessly!
You are too injured to fight recklessly!
You are too injured to fight recklessly! 😮 HP[-9]
You take 9 damage, and now have 27/36 hp.
MASSIVE DAMAGE!! (PAUSE)
You are too injured to fight recklessly!
You closely miss something. Something hits you.
The orc throws a boomerang.
The orc priest mumbles some strange prayers to Beogh against you.
Beogh smites you!
* * * LOW HITPOINT WARNING * * *
😨 HP[-12]
You take 12 damage, and now have 15/36 hp.
MASSIVE DAMAGE!! (PAUSE) It was a potion of degeneration.
There was something very wrong with that liquid.
You feel weakened.
You feel dopey.
You feel clumsy.
You hear some strange, mumbled words.
You are confused.
It was a potion of might.
You feel very mighty all of a sudden. Something hits you.
* * * LOW HITPOINT WARNING * * *
😨 HP[-2]
You take 2 damage, and now have 13/36 hp.
It was a potion of cancellation.
Your magical effects are unravelling.
You feel magically purged.
You feel less confused.
You feel a little less mighty now.
The orc priest mumbles some strange prayers to Beogh against you.
Beogh smites you!
* * * LOW HITPOINT WARNING * * *
😱 HP[-10]
You take 10 damage, and now have 3/36 hp.
MASSIVE DAMAGE!! (PAUSE) It was a potion of flight.
You feel very buoyant.
You fly up into the air.
Unknown command.
It was a potion of curing.
You feel better. The orc barely misses you. 😨 HP[+9]
You regained 9 hp, and now have 12/36 hp.
Unknown command.
As you read the scroll of fear, it crumbles to dust.
You assume a fearsome visage.
The orc looks frightened!
The orc priest looks frightened!
The orc looks frightened!
Cornered, the orc priest turns to fight!
The orc priest casts a cantrip, but nothing happens.
Something tries to affect you, but you resist.
The orc priest begins to cast a cantrip, but forgets the words!
Something tries to affect you, but you resist.
The orc priest casts a cantrip, but nothing happens. 😨 HP[+1] 😨 HP[+1]
You are starting to lose your buoyancy.
Really fly into that dispersal trap?
Okay, then.
You start resting.
You float gracefully downwards.
Something hits you but does no damage. 😨 HP[+1]
You barely miss something. Your squeeze misses something. Something hits you.
* * * LOW HITPOINT WARNING * * *
😨 HP[-4]
You take 4 damage, and now have 11/36 hp.
Really wriggle into that dispersal trap?
You enter a dispersal trap!
You blink.
Something enters a dispersal trap!
You blink.
Unknown command.
You hit something. You squeeze something. Something hits you.
* * * LOW HITPOINT WARNING * * *
😨 HP[-1]
You take 1 damage, and now have 10/36 hp.
You barely miss something. Something hits you.
* * * LOW HITPOINT WARNING * * *
😱 HP[-4]
You take 4 damage, and now have 6/36 hp.
You hit something. Your squeeze misses something.
An orc wizard appears from thin air!
Reactivating autopickup.
The orc wizard gestures wildly while chanting.
The orc wizard flickers and vanishes!
Deactivating autopickup; reactivate with Ctrl-A.
Okay, then.
As you read the scroll labelled BYTISE ZAPA, it crumbles to dust.
It is a scroll of identify.
l - 3 scrolls of teleportation Something hits you.
* * * LOW HITPOINT WARNING * * *
😱 HP[-3]
You take 3 damage, and now have 3/36 hp.
As you read the scroll of teleportation {@r4}, it crumbles to dust.
You feel strangely unstable. Something hits you.
You die...

Skill      XL: |  1  2  3  4  5 |
---------------+----------------+-----
Stealth        | 7 9 10 | 10.3
Fighting       | |  3.0
Short Blades   | |  2.0
Dodging        | |  2.0

Action                   |  1- 3 |  4- 6 || total
-------------------------+-------+-------++-------
Melee: Short sword       |     3 |    94 ||    97
       Constrict         |     1 |    20 ||    21
       Tentacles         |     1 |    17 ||    18
       Punch             |       |     3 ||     3
  Use: Scroll            |       |     4 ||     4
       Potion            |       |     5 ||     5
 Stab: Sleeping          |     2 |    22 ||    24
Armor: Skin              |       |     9 ||     9
Dodge: Dodged            |     1 |    58 ||    59

Levels and vault maps discovered:
D:1:      minmay_arrival_nine_rooms, layout_basic, serial_rivers,
          chequers_serial_rivers_large_a, chequers_serial_rivers_micro_a,
          chequers_serial_rivers_micro_a, chequers_serial_rivers_micro_e,
          chequers_serial_rivers_micro_a, serial_shops, nicolae_shop_stone
D:2:      layout_rooms, basic_ecumenical_altar
D:3:      layout_basic, grunt_decor_one_mirror, dk_vineyard_3
D:4:      kennysheep_big_flooded_room, layout_loops_corners
D:5:      layout_basic, eat_drink_and_be_merry_uskayaw, uniq_eustachio

Notes
Turn   | Place    | Note
-------+----------+-------------------------------------------
     0 | D:5      | spaghetti the Octopode Delver began the quest for the Orb.
     0 | D:5      | Reached XP level 1. HP: 16/16 MP: 1/1
     0 | D:5      | magus.rc [v1.9.6]
    14 | D:5      | Found a hide-covered altar of Uskayaw.
   153 | D:4      | Reached skill level 7 in Stealth
   153 | D:4      | Reached XP level 2. HP: 21/21 MP: 2/2
   173 | D:4      | You pick up a book of Geomancy and begin reading...
   173 | D:4      | You add the spells Sandblast, Passwall and Stone Arrow to
                  | your library.
   180 | D:4      | Noticed an ogre
   187 | D:4      | Killed an ogre
   188 | D:4      | Reached skill level 9 in Stealth
   188 | D:4      | Reached XP level 3. HP: 26/26 MP: 3/3
   188 | D:4      | Reached XP level 4. HP: 31/31 MP: 4/4
   678 | D:4      | Reached XP level 5. HP: 29/36 MP: 5/5
   684 | D:4      | HP: 8/36 [quokka (5)]
   928 | D:4      | You pick up a book of Air and begin reading...
   928 | D:4      | You add the spells Shock, Swiftness and Airstrike to your
                  | library.
  1291 | D:1      | Found Tomnejitwu's Weapon Emporium.
  1769 | D:1      | Reached skill level 10 in Stealth
  2484 | D:2      | Found a faded altar of an unknown god.
  2488 | D:2      | You pick up a book of Minor Magic and begin reading...
  2488 | D:2      | You add the spells Magic Dart, Call Imp and Mephitic Cloud
                  | to your library.
  2805 | D:3      | HP: 3/36 [orc priest/divine providence (10)]
  2838 | D:3      | HP: 6/36 [something (4)]
  2841 | D:3      | Slain by an orc wizard

Vanquished Creatures
  An ogre (D:4)
  A gnoll (D:1)
  4 adders (D:4)
  3 worms (D:2)
  3 dart slugs
  An orc (D:3)
  3 bats (D:2)
  5 endoplasms
  4 giant cockroaches
  6 goblins
  6 hobgoblins
  3 kobolds
  4 quokkas
  4 ball pythons
  2 frilled lizards
  3 rats
53 creatures vanquished.

Table legend:
 A = Non-vault XP
 B = Vault XP
 C = Vault XP percentage of total XP
 D = Non-vault monster count
 E = Vault monster count
 F = Vault count percentage of total count
                 A         B        C        D         E       F
            +---------+---------+-------+---------+---------+-------
      Total |     276 |       4 |   1.4 |      51 |       2 |   3.8
            +---------+---------+-------+---------+---------+-------
        D:1 |      47 |       0 |   0.0 |      20 |       0 |   0.0
        D:2 |      36 |       0 |   0.0 |      15 |       0 |   0.0
        D:3 |       6 |       0 |   0.0 |       3 |       0 |   0.0
        D:4 |     187 |       4 |   2.1 |      13 |       2 |  13.3
            +---------+---------+-------+---------+---------+-------

Illustrated notes

Table legend:
 A = Kills in this place as a percentage of kills in entire the game.
 B = Kills by you in this place as a percentage of kills by you in the entire game.
 C = Kills by friends in this place as a percentage of kills by friends in the entire game.
 D = Other kills in this place as a percentage of other kills in the entire game.
 E = Experience gained in this place as a percentage of experience gained in the entire game.
 F = Experience gained in this place divided by the number of levels of this place that you have seen.
                   A       B       C       D       E      F
               +-------+-------+-------+-------+-------+----------------------
         Total | 100.0 | 100.0 |   N/A |   N/A | 100.0 |  56.0
       Dungeon | 100.0 | 100.0 |   N/A |   N/A | 100.0 |  56.0
               +-------+-------+-------+-------+-------+----------------------

Table legend: (Time is in decaauts)
 A = Elapsed time spent in this place.
 B = Non-inter-level travel time spent in this place.
 C = Inter-level travel time spent in this place.
 D = Time resting spent in this place.
 E = Time spent auto-exploring this place.
 F = Levels seen in this place.
 G = Mean time per level.
                   A        B        C        D        E       F      G
               +--------+--------+--------+--------+--------+-----+--------+
         Total |   2840 |   2702 |    138 |    525 |   1771 |   5 |  568.0 |
       Dungeon |   2840 |   2702 |    138 |    525 |   1771 |   5 |  568.0 |
               +--------+--------+--------+--------+--------+-----+--------+

Top non-repeatable levels by time:
     D:4: 1138 daAuts
     D:1: 773 daAuts
     D:2: 687 daAuts
     D:3: 202 daAuts
     D:5: 39 daAuts
